 Dungeon Crawl Stone Soup version 0.25.1-8-g42b30a86e7 (webtiles) character file.

Game seed: 7112129246752204498

11718 Erymatos the Cleaver (level 11, -1/151 HPs)
             Began as a Minotaur Berserker on Nov 30, 2020.
             Was a High Priest of Trog.
             Slain by a sun demon (18 damage)
             ... summoned by a deep elf mage
             ... on level 11 of the Dungeon.
             The game lasted 00:14:25 (11753 turns).

Erymatos the Cleaver (Minotaur Berserker)          Turns: 11753, Time: 00:14:26

Health: -1/151     AC: 13    Str: 24    XL:     11   Next: 53%
Magic:  10/10      EV: 10    Int:  4    God:    Trog [*****.]
Gold:   529        SH:  4    Dex: 11    Spells: 10/10 levels left

rFire    . . .     SeeInvis .   J - +0 broad axe
rCold    . . .     Gourm    .   E - +0 buckler
rNeg     . . .     Faith    .   B - +0 chain mail
rPois    .         Spirit   .   D - +0 hat
rElec    .         Reflect  .   M - scarf {+Inv}
rCorr    .         Harm     .   (no gloves)
MR       .....                  A - +0 pair of boots
Stlth    ..........             k - amulet of the acrobat
HPRegen  0.35/turn              (no ring)
MPRegen  0.12/turn              (no ring)

@: berserking, very quick
A: retaliatory headbutt, horns 2
a: Berserk, Trog's Hand, Brothers in Arms, Renounce Religion, Evoke Invisibility


You were on level 11 of the Dungeon.
You worshipped Trog.
Trog was extremely pleased with you.
You were near starving.

You visited 1 branch of the dungeon, and saw 11 of its levels.

You collected 681 gold pieces.
You spent 152 gold pieces at shops.

Inventory:

Hand Weapons
 a - a +0 hand axe
 d - a +0 war axe
 J - a +0 broad axe (weapon)
Armour
 y - a +2 ring mail of poison resistance
 A - a +0 pair of boots (worn)
 B - a +0 chain mail (worn)
 D - a +0 hat (worn)
 E - a +0 buckler (worn)
 M - a scarf of invisibility (worn)
Jewellery
 k - an amulet of the acrobat (around neck)
 z - an uncursed amulet of faith {unknown}
 I - an uncursed amulet of faith {unknown}
Wands
 b - a wand of acid (7)
 x - a wand of random effects (21)
 G - a wand of polymorph (10)
 O - a wand of disintegration (19)
 P - a wand of digging (3)
Scrolls
 e - 4 scrolls of fear {unknown}
 f - 4 scrolls of magic mapping {unknown}
 g - 4 scrolls of amnesia {unknown}
 j - 6 scrolls of identify {unknown}
 l - 4 scrolls of enchant weapon {unknown}
 n - 6 scrolls of teleportation {unknown}
 o - 2 scrolls of enchant armour {unknown}
 p - 8 scrolls of remove curse
 r - 2 scrolls of blinking {unknown}
 H - 7 scrolls of immolation {unknown}
 L - 2 scrolls of vulnerability {unknown}
Potions
 h - 2 potions of haste {unknown}
 i - 3 potions of magic {unknown}
 m - 4 potions of heal wounds {unknown}
 q - 6 potions of stabbing {unknown}
 s - 3 potions of brilliance {unknown}
 t - a potion of degeneration {unknown}
 u - 2 potions of lignification {unknown}
 v - 4 potions of curing
 w - a potion of invisibility {unknown}
 C - a potion of cancellation {unknown}
 F - 2 potions of might {unknown}
 K - a potion of berserk rage {unknown}
 N - a potion of resistance {unknown}
Comestibles
 c - 23 rations


   Skills:
 + Level 10.3 Fighting
 + Level 14.9 Axes
 + Level 11.1 Armour
 + Level 4.6 Dodging
 + Level 4.3 Shields


You had 10 spell levels left.
You didn't know any spells.
Your spell library was empty.

Dungeon Overview and Level Annotations

Branches:
Dungeon (11/15)            Temple (0/1) D:6            Lair (0/6) D:8
    Orc (0/2) D:10

Altars:
Ashenzari
Cheibriados
Elyvilon
Fedhas
Gozag
Hepliaklqana
Kikubaaqudgha
Nemelex Xobeh
Qazlal
Ru
Wu Jian
Xom
Yredelemnul
The Shining One

Shops:
D:9 :[:%


Innate Abilities, Weirdness & Mutations

You reflexively headbutt those who attack you in melee.
You have a pair of horns on your head.


Message History

The deep elf mage is severely wounded.
You hit the sun demon. You hit the centaur. The centaur hits you.
The sun demon hits you!!
You are engulfed in flames!
* * * LOW HITPOINT WARNING * * *
A red film seems to cover your vision as you go berserk!
You feel yourself moving faster!
You feel mighty!
You are near starving!
The centaur hits you but does no damage.
You block the sun demon's attack.
The deep elf mage casts a spell.
The centaur hits you but does no damage.
You closely miss the sun demon.
The sun demon is moderately wounded.
You slash the deep elf mage! You slash the centaur!
You kill the centaur!
Trog accepts your kill. The sun demon hits you!!
* * * LOW HITPOINT WARNING * * *
You are engulfed in flames!!
You die...

#### ##... ##.... #.....
####### ###### #.....
##..(..##.....## #.....
#########...(..........#
#.....
....#.##.....(....4.....
#.....
###............(@e......
##....
####..##........)3....=.
#....)
..#...##................
#.....
#....###................
#..... ###..#
#........>.......
###..... ##...#
##..............#
#....... ...#.#
##...:.##.%...##
#.##.... .....###
#################.###...
.......#######..###
#...# ####


You could see a sun demon (summoned), a rust devil (summoned) and a deep elf
mage.

Vanquished Creatures
  Harold (D:7)
  3 two-headed ogres
  An oklob plant (D:8)
  Maggie (D:6)
  Grinder (D:6)
  A hornet (D:11)
  A hippogriff (D:5)
  Sigmund (D:6)
  A shadow (D:11)
  A wyvern (D:11)
  10 yaks
  A hungry ghost (D:7)
  Edmund (D:5)
  A water moccasin (D:6)
  4 ice beasts
  A sky beast (D:7)
  6 orc warriors
  2 black bears
  9 ogres
  5 centaurs
  2 big kobolds
  Blork the orc (D:5)
  5 bullfrogs
  5 killer bees (D:8)
  8 wights
  3 howler monkeys
  6 crimson imps
  3 centaur zombies
  2 centaur skeletons
  10 orc priests
  3 bullfrog skeletons
  5 hounds
  6 jellies
  Terence (D:3)
  5 orc wizards
  Ijyb (D:5)
  3 iguanas
  18 worker ants
  A killer bee zombie (D:9)
  7 gnolls
  8 adders
  A worker ant zombie (D:9)
  4 shadow imps
  5 oozes (D:8)
  2 adder skeletons
  3 worms
  7 dart slugs
  6 leopard geckos
  42 orcs
  9 bats
  2 giant cockroaches
  8 goblins
  14 hobgoblins
  7 jackals
  3 quokkas
  5 frilled lizards
  A jackal skeleton (D:4)
  A jackal zombie (D:6)
  16 kobolds
  A leopard gecko zombie (D:7)
  A quokka skeleton (D:8)
  9 rats
  A rat zombie (D:8)
  2 plants (D:2)
305 creatures vanquished.

Notes
Turn   | Place    | Note
-------+----------+-------------------------------------------
     0 | D:1      | Erymatos the Minotaur Berserker began the quest for the
                  | Orb.
     0 | D:1      | Reached XP level 1. HP: 19/19 MP: 0/0
   241 | D:1      | Reached XP level 2. HP: 27/27 MP: 1/1
   335 | D:1      | Reached skill level 4 in Axes
   717 | D:1      | Reached ** piety under Trog
   883 | D:2      | Found a faded altar of an unknown god.
   883 | D:2      | Found a shimmering altar of Xom.
   888 | D:2      | Found a basalt altar of Yredelemnul.
   890 | D:2      | Found an ornate altar of the Wu Jian Council.
   892 | D:2      | Found an opulent altar of Gozag.
   927 | D:2      | Reached XP level 3. HP: 33/33 MP: 2/2
  1083 | D:2      | Reached XP level 4. HP: 29/40 MP: 3/3
  1087 | D:2      | Reached skill level 5 in Axes
  1400 | D:2      | Found a snail-covered altar of Cheibriados.
  2044 | D:3      | Noticed Terence
  2051 | D:3      | Killed Terence
  2053 | D:3      | Reached XP level 5. HP: 47/47 MP: 4/4
  2161 | D:3      | Found a sacrificial altar of Ru.
  2162 | D:3      | Found a sparkling altar of Nemelex Xobeh.
  2405 | D:3      | Reached *** piety under Trog
  2438 | D:3      | Reached skill level 6 in Axes
  2853 | D:3      | Reached XP level 6. HP: 49/55 MP: 5/5
  3127 | D:4      | Reached skill level 5 in Fighting
  3408 | D:4      | Found a hazy altar of Hepliaklqana.
  3530 | D:4      | Reached skill level 7 in Axes
  3776 | D:4      | Reached XP level 7. HP: 59/61 MP: 6/6
  4084 | D:5      | Entered Level 5 of the Dungeon
  4084 | D:5      | Noticed Ijyb
  4097 | D:5      | Killed Ijyb
  4098 | D:5      | Reached skill level 5 in Armour
  4280 | D:5      | Found a white marble altar of Elyvilon.
  4284 | D:5      | Noticed Edmund
  4295 | D:5      | Killed Edmund
  4295 | D:5      | Reached skill level 8 in Axes
  4368 | D:5      | Noticed a hippogriff
  4377 | D:5      | Killed a hippogriff
  4377 | D:5      | Reached XP level 8. HP: 70/70 MP: 7/7
  4411 | D:5      | Reached skill level 1 in Shields
  4477 | D:5      | Noticed Blork the orc
  4483 | D:5      | Reached **** piety under Trog
  4487 | D:5      | Killed Blork the orc
  4487 | D:5      | Reached skill level 9 in Axes
  5214 | D:6      | Noticed Grinder
  5220 | D:6      | Killed Grinder
  5220 | D:6      | Reached skill level 10 in Axes
  5418 | D:6      | Found a staircase to the Ecumenical Temple.
  5458 | D:6      | Noticed Maggie
  5466 | D:6      | Killed Maggie
  5466 | D:6      | Reached XP level 9. HP: 79/79 MP: 8/8
  5538 | D:6      | Noticed Sigmund
  5546 | D:6      | Killed Sigmund
  5546 | D:6      | Reached skill level 11 in Axes
  5709 | D:6      | Found a blossoming altar of Fedhas.
  6298 | D:7      | Found an ancient bone altar of Kikubaaqudgha.
  6416 | D:7      | Found a stormy altar of Qazlal.
  6719 | D:7      | Noticed Harold
  6729 | D:7      | Killed Harold
  6729 | D:7      | Reached skill level 12 in Axes
  7043 | D:8      | Reached XP level 10. HP: 88/88 MP: 9/9
  7126 | D:8      | Found a shimmering altar of Xom.
  7127 | D:8      | Noticed an oklob plant
  7137 | D:8      | Killed an oklob plant
  7264 | D:8      | Reached ***** piety under Trog
  7268 | D:8      | Found a staircase to the Lair.
  8174 | D:9      | Found Fiec's Antique Armour Boutique.
  8177 | D:9      | Found Unuilaesch's Book Shoppe.
  8186 | D:9      | Reached skill level 13 in Axes
  8211 | D:9      | Bought an embroidered scarf for 152 gold pieces
  8229 | D:9      | Noticed a two-headed ogre
  8239 | D:9      | Killed a two-headed ogre
  8239 | D:9      | Reached skill level 10 in Armour
  8271 | D:9      | Found Otiqoah's Food Boutique.
  8523 | D:9      | Found a shattered altar of Ashenzari.
  8777 | D:9      | Found Makkeq's Book Shop.
  9020 | D:10     | Entered Level 10 of the Dungeon
  9020 | D:10     | Noticed a two-headed ogre
  9031 | D:10     | Killed a two-headed ogre
  9069 | D:10     | Reached XP level 11. HP: 58/97 MP: 10/10
  9069 | D:10     | Reached skill level 14 in Axes
  9070 | D:10     | Received a gift from Trog
  9786 | D:10     | Noticed a two-headed ogre
  9799 | D:10     | Killed a two-headed ogre
 10034 | D:10     | Found a glowing golden altar of the Shining One.
 10125 | D:10     | Found a staircase to the Orcish Mines.
 10567 | D:11     | Reached skill level 10 in Fighting
 10635 | D:11     | Paralysed by a hornet for 2 turns
 11743 | D:11     | Noticed a deep elf mage
 11745 | D:11     | Noticed a sun demon
 11753 | D:11     | Slain by a sun demon

Illustrated notes

Levels and vault maps discovered:
D:1:      dpeg_arrival_ternary, layout_basic, chequers_serial_rivers_room_b
D:2:      layout_loops_ring, cheibriados_altar_1,
          chequers_temple_overflow_minitemple, serial_forest,
          infiniplex_forest_clump_small, infiniplex_forest_end_2,
          infiniplex_forest_diagonal, infiniplex_forest_lined_room_,
          infiniplex_forest_end_1, infiniplex_forest_lined_4_way,
          infiniplex_forest_end_2, infiniplex_forest_end_2,
          infiniplex_forest_corner_1, kennysheep_decorative_pillar
D:3:      layout_basic, gammafunk_temple_overflow_statue, first_ration,
          uniq_terence
D:4:      layout_loops_cross, overflow_temple_1_default,
          kennysheep_generic_room_13
D:5:      layout_cave_pools, elyvilon_altar_5, uniq_blork_the_orc, uniq_edmund,
          uniq_ijyb
D:6:      layout_loops_cross, nicolae_overflow_hidden_temple,
          minmay_temple_entry_slanted, kennysheep_generic_room_4, uniq_maggie,
          uniq_grinder, uniq_sigmund
D:7:      layout_basic, grunt_qazlal_clouds, kiku_gazebo_pond_becter,
          uniq_harold
D:8:      layout_loops_corners, lair_entry_dummy, enter_ossuary_3,
          hangedman_little_slice_of_home, lemuel_oklob_altar
D:9:      layout_basic, serial_shops, shop, shop, nicolae_shop_waterfront,
          nicolae_shop_behind_doors, minmay_misc_feat_tiny,
          minmay_misc_feat_roman, nicolae_ashenzari_panopticon
D:10:     layout_cave_pods, orc_0_dummy, lemuel_tele_altar
D:11:     layout_rooms

Skill      XL: |  1  2  3  4  5  6  7  8  9 10 11 |
---------------+----------------------------------+-----
Fighting       | 4 5 6 7 8 9 10 | 10.3
Axes           | 4 5 6 7 8 10 12 13 14 | 14.9
Armour         | 3 4 5 7 9 10 11 | 11.1
Dodging        | 3 4 |  4.6
Shields        | 1 2 3 4 |  4.3

Action                   |  1- 3 |  4- 6 |  7- 9 | 10-12 || total
-------------------------+-------+-------+-------+-------++-------
Melee: Hand axe          |    66 |   131 |       |       ||   197
       Headbutt          |    13 |    41 |    39 |    77 ||   170
       War axe           |       |    27 |   118 |       ||   145
       Unarmed           |       |       |     9 |       ||     9
       Broad axe         |       |       |   104 |   353 ||   457
Invok: Berserk           |     1 |     3 |     6 |     4 ||    14
  Use: Scroll            |       |       |     1 |       ||     1
  Eat: Chunk             |       |     9 |    16 |    11 ||    36
       Ration            |       |     1 |       |     2 ||     3
Armor: Animal skin       |     5 |       |       |       ||     5
       Scale mail        |    17 |    30 |       |       ||    47
       Chain mail        |       |     2 |    96 |   136 ||   234
Dodge: Dodged            |    44 |   107 |   105 |   161 ||   417
Block: Buckler           |       |       |    39 |    49 ||    88
